 Dungeon Crawl Stone Soup version 0.24.0-28-g17ded55e90 (webtiles) character file.

Game seed: 17753930427783549065, levelgen mode: deterministic

2320 Delamore the Severer (level 9, -3/66 (70) HPs)
             Began as a Hill Orc Fighter on Nov 13, 2019.
             Was a Follower of Qazlal.
             Slain by an orc warrior
             ... wielding a +0 halberd
              (12 damage)
             ... on level 8 of the Dungeon.
             The game lasted 00:09:38 (7420 turns).

Delamore the Severer (Hill Orc Fighter)             Turns: 7420, Time: 00:09:39

HP:   -3/66 (70)    AC:  9    Str: 22    XL:     9   Next: 41%
MP:   9/9           EV:  8    Int:  8    God:    Qazlal [*.....]
Gold: 370           SH: 10    Dex: 10    Spells: 8/8 levels left

rFire    + . .     SeeInvis +   a - +0 war axe
rCold    . . .     Gourm    .   c - +0 shield
rNeg     . . .     Faith    +   D - +0 ring mail "Orif" {rPois rF+ SInv} (curse)
rPois    +         Spirit   .   w - +1 hat
rElec    .         Reflect  .   z - +0 cloak (curse)
rCorr    +         Harm     .   r - +0 pair of gloves
MR       .....                  (no boots)
Stlth    ..........             e - amulet of faith
HPRegen  0.21/turn              C - ring of resist corrosion
MPRegen  0.11/turn              (no ring)

@: lethally poisoned (-3 -> -6)
A: blink, poison resistance
a: Blink, Renounce Religion, Convert to Beogh


You were on level 8 of the Dungeon.
You worshipped Qazlal.
Qazlal was aware of your devotion.
You were not hungry.

You visited 2 branches of the dungeon, and saw 9 of its levels.
You also visited: Ossuary.

You collected 604 gold pieces.
You spent 234 gold pieces at shops.

Inventory:

Hand Weapons
 a - a +0 war axe (weapon)
 y - a +2 quarterstaff of chaos
Missiles
 u - 11 poisoned darts (quivered)
Armour
 c - a +0 shield (worn)
 r - a +0 pair of gloves (worn)
 w - a +1 hat (worn)
 z - a cursed +0 cloak (worn)
 D - the cursed +0 ring mail "Orif" (worn) {rPois rF+ SInv}
   (You found it on level 4 of the Dungeon)

   It protects you from fire.
   It protects you from poison.
   It lets you see invisible.
   It has a curse placed upon it.
Jewellery
 e - an amulet of faith (around neck)
 C - a ring of resist corrosion (left hand)
Wands
 v - a wand of random effects (20)
 E - a wand of scattershot (7)
Scrolls
 b - a scroll of blinking {unknown}
 h - 4 scrolls of amnesia {unknown}
 l - 7 scrolls of immolation {unknown}
 n - a scroll of random uselessness {unknown}
 q - 2 scrolls of teleportation {unknown}
 t - 6 scrolls of remove curse
 x - a scroll of enchant weapon {unknown}
 A - a scroll of fog {unknown}
 B - 6 scrolls of identify
 I - a scroll of magic mapping
Potions
 d - 3 potions of might
 g - 3 potions of resistance {unknown}
 i - a potion of berserk rage {unknown}
 j - 2 potions of brilliance {unknown}
 k - 4 potions of heal wounds
 m - 4 potions of curing
 o - 5 potions of degeneration
 p - 5 potions of lignification {unknown}
 s - a potion of agility {unknown}
 F - a potion of flight
 G - a potion of ambrosia {unknown}
Comestibles
 f - 9 rations
 H - 3 chunks of flesh


   Skills:
 - Level 3.6 Fighting
 + Level 15.2 Axes
 - Level 3.2 Armour
 - Level 3.2 Shields


You had 8 spell levels left.
You didn't know any spells.
Your spell library contained the following spells:

 Spells                   Type           Power        Failure   Level  Hunger
 Animate Skeleton         Necr           N/A          97%         1    ##.....
 Pain                     Necr           #...         97%         1    ##.....
 Sandblast                Erth           #.....       97%         1    ##.....
 Passwall                 Tmut/Erth      #.......     99%         2    ###....
 Regeneration             Chrm/Necr      #.........   100%        3    ####...
 Stone Arrow              Conj/Erth      #.....       100%        3    ####...
 Vampiric Draining        Necr           #.........   100%        3    ####...
 Animate Dead             Necr           N/A          100%        4    #####..
 Petrify                  Tmut/Erth      #.......     100%        4    #####..
 Lee's Rapid Deconstruct  Erth           #.........   100%        5    ######.


Dungeon Overview and Level Annotations

Branches:
Dungeon (8/15)             Temple (1/1) D:7         Ossuary (visited)
   Lair: D:8-11

Altars:
Ashenzari
Cheibriados
Dithmenos
Elyvilon
Fedhas
Gozag
Hepliaklqana
Kikubaaqudgha
Makhleb
Nemelex Xobeh
Okawaru
Qazlal
Ru
Sif Muna
Trog
Uskayaw
Vehumet
Wu Jian
Xom
Yredelemnul
Zin
The Shining One

Shops:
D:4 !


Innate Abilities, Weirdness & Mutations

You can translocate small distances at will.
Your system is resistant to poisons. (rPois)


Message History

The orc priest threatens, "By the altar or by the axe, you will meet Beogh!"
The water moccasin barely misses you. You block the orc warrior's attack.
The water moccasin bites you.
* * * LOW HITPOINT WARNING * * *
You block the orc priest's attack.
You hit the orc warrior but do no damage.
You closely miss the orc priest.
Your shield prevents you from hitting the water moccasin.
You feel sick. You block the orc warrior's attack.
The water moccasin bites you.
* * * LOW HITPOINT WARNING * * *
The orc priest shouts, "Surrender to Beogh and we'll let you live!"
You hit the orc warrior but do no damage.
You hit the orc priest.
Your shield and ring mail "Orif" prevent you from hitting the water moccasin.
The orc priest shouts, "Surrender to Beogh and we'll let you live!"
You block the orc priest's attack.
The water moccasin bites you but does no damage.
The orc warrior hits you with a +0 halberd!
You die...

.... .. ....###
...
#.....######...
+.............)
##..5...........
+...............
#.(...o.☼....#
......o@S....#
#......#'#####
.......#.#
##.#...#.######
.. #.###......#
. #+ #......#
#......#####
#..........#
#....#####.##


You could see an orc warrior, a water moccasin, an orc priest and a crimson imp.

Vanquished Creatures
  Pikel (D:6)
  Grinder (D:3)
  Duvessa (D:7)
  3 phantoms
  A necrophage (D:6)
  2 bullfrogs
  A scorpion (D:8)
  Dowan (D:7)
  3 wights (D:7)
  A crimson imp (D:5)
  2 orc priests
  Crazy Yiuf (D:3)
  3 hounds
  2 orc wizards
  2 bullfrog skeletons (D:8)
  A centaur skeleton (D:5)
  Jessica (D:3)
  2 iguanas (D:5)
  3 worker ants
  A big kobold zombie (Ossuary)
  3 hound skeletons
  8 mummies (Ossuary)
  A gnoll (D:5)
  9 adders
  A shadow imp (D:8)
  2 oozes (D:1)
  An adder zombie (D:5)
  3 worms
  A dart slug (D:4)
  4 leopard geckos
  14 orcs
  6 bats
  8 giant cockroaches
  7 goblins
  6 hobgoblins
  9 jackals
  8 kobolds
  5 quokkas
  2 ball pythons (D:1)
  3 frilled lizards
  3 gnoll zombies (Ossuary)
  2 hobgoblin zombies (Ossuary)
  2 kobold zombies (Ossuary)
  9 rats
150 creatures vanquished.

Vanquished Creatures (others)
  A centaur (D:6)
  A bullfrog zombie (D:6)
  A jackal (D:6)
3 creatures vanquished.

Grand Total: 153 creatures vanquished

Notes
Turn   | Place    | Note
-------+----------+-------------------------------------------
     0 | D:1      | Delamore the Hill Orc Fighter began the quest for the Orb.
     0 | D:1      | Reached XP level 1. HP: 19/19 MP: 1/1
    58 | D:1      | Reached skill level 3 in Axes
   129 | D:1      | Reached XP level 2. HP: 26/26 MP: 2/2
   140 | D:1      | Reached skill level 4 in Axes
   285 | D:1      | Reached XP level 3. HP: 25/31 MP: 3/3
   426 | D:1      | Reached skill level 5 in Axes
   554 | D:2      | Reached XP level 4. HP: 21/39 MP: 4/4
  1407 | D:3      | Reached skill level 6 in Axes
  1481 | D:3      | Found a runed translucent door.
  1482 | D:3      | Noticed Crazy Yiuf
  1639 | D:3      | Noticed Jessica
  1647 | D:3      | Killed Jessica
  1648 | D:3      | Reached XP level 5. HP: 30/45 MP: 5/5
  1711 | D:3      | Noticed Grinder
  1731 | D:3      | Killed Grinder
  1731 | D:3      | Reached skill level 8 in Axes
  1731 | D:3      | Reached XP level 6. HP: 13/51 MP: 6/6
  2071 | D:3      | Reached skill level 9 in Axes
  2446 | D:3      | Paralysed by Crazy Yiuf for 7 turns
  2457 | D:3      | Killed Crazy Yiuf
  2983 | D:4      | Found a sand-covered staircase.
  3006 | Ossuary  | Entered an ossuary
  3030 | Ossuary  | Reached XP level 7. HP: 30/57 MP: 7/7
  3266 | Ossuary  | Reached skill level 10 in Axes
  3484 | D:4      | You fall into a shaft and drop 2 floors!
  3490 | D:6      | Noticed Pikel
  3511 | D:6      | Killed Pikel
  3511 | D:6      | Reached skill level 12 in Axes
  3511 | D:6      | Reached XP level 8. HP: 16/64 MP: 8/8
  3857 | D:6      | Found a burning altar of Makhleb.
  3956 | D:5      | Entered Level 5 of the Dungeon
  4164 | D:4      | Found Gutolixe's Distillery.
  4173 | D:4      | Bought a potion of might for 52 gold pieces
  4173 | D:4      | Bought a potion of mutation for 104 gold pieces
  4173 | D:4      | Bought a potion of degeneration for 13 gold pieces
  4173 | D:4      | Bought a potion of heal wounds for 65 gold pieces
  4174 | D:4      | Gained mutation: You have a pair of small antennae on your
                  | head. [potion of mutation]
  4174 | D:4      | Gained mutation: Potions are less effective at restoring
                  | your health. [potion of mutation]
  4174 | D:4      | Gained mutation: You possess an exceptional clarity of
                  | mind. [potion of mutation]
  4475 | D:4      | Got an ancient ring mail
  4486 | D:4      | Identified the cursed +0 ring mail "Orif" {rPois rF+ SInv}
                  | (You found it on level 4 of the Dungeon)
  4864 | D:5      | Reached skill level 13 in Axes
  4977 | D:5      | Lost mutation: Potions are less effective at restoring your
                  | health. [potion of mutation]
  4977 | D:5      | Lost mutation: You possess an exceptional clarity of mind.
                  | [potion of mutation]
  4977 | D:5      | Lost mutation: You have a pair of small antennae on your
                  | head. [potion of mutation]
  4977 | D:5      | Gained mutation: Your system is resistant to poisons.
                  | (rPois) [potion of mutation]
  4977 | D:5      | Gained mutation: You can translocate small distances at
                  | will. [potion of mutation]
  5702 | D:7      | Noticed Dowan
  5703 | D:7      | Noticed Duvessa
  5712 | D:7      | Killed Dowan
  5712 | D:7      | Reached skill level 14 in Axes
  5712 | D:7      | Reached XP level 9. HP: 47/66 MP: 9/9
  5721 | D:7      | Killed Duvessa
  6192 | D:7      | Found a staircase to the Ecumenical Temple.
  6207 | Temple   | Entered the Ecumenical Temple
  6372 | Temple   | Became a worshipper of Qazlal Stormbringer
  7273 | D:8      | Reached skill level 15 in Axes
  7325 | D:8      | Reached * piety under Qazlal
  7420 | D:8      | Slain by an orc warrior

Levels and vault maps discovered:
D:1:      dpeg_arrival_rhombi, layout_rooms
D:2:      layout_basic
D:3:      layout_basic, minmay_crystal_room, uniq_grinder, uniq_jessica,
          uniq_crazy_yiuf_cottage
D:4:      layout_basic, nicolae_ossuary_entry_monument, serial_shops, shop
D:5:      minmay_bubble_buster, layout_gridville, first_ration
D:6:      layout_cave_pools, makhleb_blood_cavern_becter, uniq_pikel
D:7:      layout_gridville, minmay_temple_entry_hall, st_stairs_11, uniq_duvessa
D:8:      layout_basic, serial_bayou_pond_b, hangedman_pestilent_swarm,
          hangedman_decor_clover_reticule, uniq_joseph
Temple:   kilobyte_greek_temple

Skill      XL: |  1  2  3  4  5  6  7  8  9 |
---------------+----------------------------+-----
Axes           | 3 4 5 6 8 9 12 14 15 | 15.2
Fighting       | |  3.6
Armour         | |  3.2
Shields        | |  3.2

Action                   |  1- 3 |  4- 6 |  7- 9 || total
-------------------------+-------+-------+-------++-------
Melee: War axe           |    98 |   139 |   258 ||   495
Throw: Dart              |       |     2 |       ||     2
 Abil: Blink             |       |       |     1 ||     1
  Use: Scroll            |       |     3 |       ||     3
       Potion            |       |     1 |     3 ||     4
  Eat: Chunk             |       |     7 |    14 ||    21
Armor: Scale mail        |    45 |    58 |    46 ||   149
       Ring mail         |       |       |    38 ||    38
Dodge: Dodged            |    37 |    40 |    56 ||   133
Block: Shield            |    63 |    62 |   118 ||   243
